 Dungeon Crawl Stone Soup version 0.25.0-45-g978344163c (webtiles) character file.

Game seed: 18367449454667698455

155 funkygono the Conjurer (level 5, -1/28 HPs)
             Began as a Deep Elf Conjurer on July 12, 2020.
             Was an Initiate of Vehumet.
             Slain by an orc priest
             ... wielding a +4 dagger of venom
              (6 damage)
             ... on level 3 of the Dungeon.
             The game lasted 00:05:30 (2397 turns).

funkygono the Conjurer (Deep Elf Conjurer)          Turns: 2397, Time: 00:05:32

Health: -1/28      AC:  3    Str:  6    XL:     5   Next: 14%
Magic:  0/11       EV: 13    Int: 20    God:    Vehumet [......]
Gold:   65         SH:  0    Dex: 15    Spells: 4/10 levels left

rFire    . . .     SeeInvis .   d - +0 whip
rCold    . . .     Gourm    .   (no shield)
rNeg     . . .     Faith    .   a - +0 robe
rPois    .         Spirit   .   (no helmet)
rElec    .         Reflect  .   (no cloak)
rCorr    .         Harm     .   g - +0 pair of gloves
MR       .....                  (no boots)
Stlth    ++........             (no amulet)
HPRegen  0.09/turn              (no ring)
MPRegen  0.12/turn              (no ring)

@: lethally poisoned (-1 -> -12)
A: no striking features
a: Renounce Religion


You were on level 3 of the Dungeon.
You worshipped Vehumet.
Vehumet was noncommittal.
You were not hungry.

You visited 1 branch of the dungeon, and saw 3 of its levels.

You collected 65 gold pieces.

Inventory:

Hand Weapons
 d - a +0 whip (weapon)
Armour
 a - a +0 robe (worn)
 g - a +0 pair of gloves (worn)
Potions
 b - a potion of invisibility {unknown}
 e - a potion of lignification
 i - a potion of stabbing {unknown}
 j - a potion of magic
Comestibles
 c - 4 rations
 f - 4 chunks of flesh


   Skills:
 - Level 2.4 Dodging
 - Level 2.4 Stealth
 - Level 3.0 Spellcasting
 * Level 7.1 Conjurations


You had 4 spell levels left.
You knew the following spells:

 Your Spells              Type           Power        Failure   Level  Hunger
a - Magic Dart            Conj           ####         1%          1    None
b - Searing Ray           Conj           ####..       1%          2    ##.....
c - Dazzling Flash        Conj/Hex       ###...       10%         3    ###....

Your spell library contained the following spells:

 Spells                   Type           Power        Failure   Level  Hunger
 Fulminant Prism          Conj/Hex       ###.......   32%         4    ####...
 Iskenderun's Mystic Bla  Conj/Tloc      ###.....     32%         4    ####...


Dungeon Overview and Level Annotations

Branches:
Dungeon (3/15)

Altars:
Ashenzari
Cheibriados
Fedhas
Vehumet
Wu Jian


Message History

Okay, then.
Casting: Dazzling Flash (quite dangerous; 10% risk of failure)
Confirm with . or Enter, or press ? or * to list all spells.
Aiming: Searing Ray (safe; 1% risk of failure)
Press: ? - help, Shift-Dir - straight line, f - orc priest
Aim: an orc priest, wielding a +4 dagger of venom and wearing a +0 chain mail The searing ray misses the orc priest. (Press . to maintain the ray.)
The searing ray hits the orc priest!
The orc priest is severely wounded.
The orc priest hits you with a +4 dagger of venom.
* * * LOW HITPOINT WARNING * * *
You are lethally poisoned!
The searing ray hits the orc priest but does no damage.
The orc priest is severely wounded.
The searing ray misses the orc.
* * * LOW HITPOINT WARNING * * *
You feel sick.
The orc priest hits you with a +4 dagger of venom.
You die...

.. #.# #. #.# ## #.
#.# . ..##. ##.##
..##.... ##.o.##
...##.. ##..)†.##
..... #...o...# ##..
#...@.%.# ##...
#.....$.# #..##
##.....## ##.###
#...)...# ###..#
#.......# #...##
#.......# ####.####
##.....####.......##
##...####.........##
##.## #...........#


You could see an orc priest and an orc.

Vanquished Creatures
  An orc wizard (D:3)
  4 gnolls (D:2)
  An adder (D:2)
  An ooze (D:2)
  An adder zombie (D:3)
  3 worms
  A dart slug (D:2)
  2 orcs (D:3)
  A ball python (D:2)
  2 giant cockroaches (D:1)
  10 goblins
  2 hobgoblins (D:2)
  10 jackals (D:2)
  A quokka (D:2)
  5 bats
  2 frilled lizards
  9 kobolds
  4 rats
60 creatures vanquished.

Vanquished Creatures (others)
  A ghoul (D:1)
  2 minotaurs (D:1)
  A draconian (D:1)
  A vine stalker (D:1)
  A troll (D:1)
  A spriggan (D:1)
  A vampire (D:1)
  A naga (D:1)
  A dwarf (D:1)
  A centaur (D:1)
  3 orcs (D:1)
  A kobold (D:1)
  4 tentacles (D:1)
19 creatures vanquished.

Grand Total: 79 creatures vanquished

Notes
Turn   | Place    | Note
-------+----------+-------------------------------------------
     0 | D:1      | funkygono the Deep Elf Conjurer began the quest for the
                  | Orb.
     0 | D:1      | Reached XP level 1. HP: 10/10 MP: 6/6
     2 | D:1      | Noticed a draconian
     2 | D:1      | Noticed a ghoul
     2 | D:1      | Noticed a vine stalker
     2 | D:1      | Noticed a naga
     2 | D:1      | Noticed a centaur
     2 | D:1      | Noticed a minotaur
     2 | D:1      | Noticed a spriggan
     2 | D:1      | Noticed a kraken
     2 | D:1      | Noticed a minotaur
     2 | D:1      | Noticed a vampire
     2 | D:1      | Noticed a troll
     2 | D:1      | Noticed a dwarf
     9 | D:1      | Killed a ghoul
    10 | D:1      | Killed a troll
    11 | D:1      | Killed a draconian
    11 | D:1      | Killed a vampire
    12 | D:1      | Killed a vine stalker
    15 | D:1      | Killed a naga
    15 | D:1      | Killed a dwarf
    17 | D:1      | Killed a centaur
    18 | D:1      | Killed a spriggan
    20 | D:1      | Killed a minotaur
    23 | D:1      | Killed a minotaur
   309 | D:1      | Reached XP level 2. HP: 15/15 MP: 4/8
   313 | D:1      | Learned a level 2 spell: Searing Ray
   422 | D:1      | Reached skill level 5 in Conjurations
   988 | D:2      | Reached XP level 3. HP: 19/19 MP: 6/9
  1278 | D:2      | Reached skill level 6 in Conjurations
  1280 | D:2      | Reached XP level 4. HP: 24/24 MP: 5/10
  1658 | D:2      | Found a snail-covered altar of Cheibriados.
  1659 | D:2      | Found a radiant altar of Vehumet.
  1660 | D:2      | Found an ornate altar of the Wu Jian Council.
  1668 | D:2      | Became a worshipper of Vehumet
  2055 | D:2      | Found a blossoming altar of Fedhas.
  2055 | D:2      | Found a shattered altar of Ashenzari.
  2217 | D:2      | Learned a level 3 spell: Dazzling Flash
  2389 | D:3      | Reached skill level 7 in Conjurations
  2389 | D:3      | Reached XP level 5. HP: 23/28 MP: 6/11
  2397 | D:3      | Slain by an orc priest

Illustrated notes

Levels and vault maps discovered:
D:1:      nicolae_arrival_kraken_aquarium_b, layout_basic
D:2:      layout_basic, chequers_temple_overflow_statue_of_worship,
          gammafunk_temple_overflow_wave
D:3:      layout_rooms, chequers_ecumenical_altar_twisty, uniq_ijyb

Skill      XL: |  1  2  3  4 |
---------------+-------------+-----
Conjurations   | 5 6 7 |  7.1
Dodging        | |  2.4
Stealth        | |  2.4
Spellcasting   | |  3.0

Action                   |  1- 3 |  4- 6 || total
-------------------------+-------+-------++-------
Melee: Whip              |    13 |     8 ||    21
 Cast: Magic Dart        |    55 |    55 ||   110
       Searing Ray       |     2 |     4 ||     6
  Use: Scroll            |     2 |     4 ||     6
  Eat: Chunk             |     1 |     4 ||     5
Armor: Robe              |     6 |     2 ||     8
Dodge: Dodged            |    15 |     5 ||    20
